 Dungeon Crawl Stone Soup version 0.24.1-14-gf8d2b509d9 (webtiles) character file.

Game seed: 18161182754509409133, levelgen mode: deterministic

29 mortelune the Insei (level 3, 0/23 HPs)
             Began as an Octopode Transmuter on May 17, 2020.
             Slain by a worm (10 damage)
             ... on level 2 of the Dungeon.
             The game lasted 00:01:35 (1748 turns).

mortelune the Insei (Octopode Transmuter)           Turns: 1748, Time: 00:01:35

Health: 0/23       AC:  1    Str:  9    XL:     3   Next: 16%
Magic:  5/6        EV: 13    Int: 16    God:
Gold:   21         SH:  0    Dex: 12    Spells: 3/6 levels left

rFire    . . .     SeeInvis .     - Unarmed
rCold    . . .     Gourm    .   (no shield)
rNeg     . . .     Faith    .   (helmet restricted)
rPois    .         Spirit   .   (no amulet)
rElec    .         Reflect  .   (no ring)
rCorr    .         Harm     .   (no ring)
MR       .....                  (no ring)
Stlth    ++........             (no ring)
HPRegen  0.07/turn              (no ring)
MPRegen  0.10/turn              (no ring)
                                (no ring)
                                (no ring)

@: appendage (expiring), very slightly contaminated
A: almost no armour, stealthy swim, amphibious, 8 rings, constrict 8, tentacle
spike 3, camouflage 1, gelatinous body 1
a: End Transformation


You were on level 2 of the Dungeon.
You were hungry.
One of your tentacles had a temporary spike.
You visited 1 branch of the dungeon, and saw 2 of its levels.

You collected 21 gold pieces.

Inventory:

Missiles
 Q - 30 arrows
Jewellery
 g - an uncursed amulet of magic regeneration {unknown}
Scrolls
 a - a scroll of remove curse {unknown}
 d - 3 scrolls of identify {unknown}
 f - a scroll of fog {unknown}
 h - a scroll of enchant weapon {unknown}
Potions
 e - a potion of experience {unknown}
Comestibles
 c - 4 rations


   Skills:
 + Level 1.4 Fighting
 - Level 2.0 Dodging
 + Level 3.1 Unarmed Combat
 * Level 2.4 Spellcasting
 * Level 2.6 Transmutations


You had 3 spell levels left.
You knew the following spells:

 Your Spells              Type           Power        Failure   Level  Hunger
a - Beastly Appendage     Tmut           ##....       7%          1    #......
b - Sticks to Snakes      Tmut           ##......     11%         2    ###....

Your spell library contained the following spells:

 Spells                   Type           Power        Failure   Level  Hunger
 Spider Form              Tmut/Pois      #.........   34%         3    ###....
 Ice Form                 Ice/Tmut       #.......     75%         4    #####..
 Blade Hands              Tmut           ##........   88%         5    ######.


Dungeon Overview and Level Annotations

Branches:
Dungeon (2/15)

Altars:
Cheibriados
Okawaru
Wu Jian


Innate Abilities, Weirdness & Mutations

You cannot wear most types of armour.
You are very stealthy in the water. (Stealth+)
You are amphibious.
You can wear up to eight rings at the same time.
You can use your tentacles to constrict eight enemies at once.
Your skin changes colour to match your surroundings (Stealth+).
Your rubbery body absorbs attacks. (AC +1, EV +1)
One of your tentacles bears a large vicious spike.


Message History

You squeeze the hobgoblin.
You kill the hobgoblin!
You see here a hobgoblin corpse.
Found 3 gold pieces.
The worm bites you.
You see here a hobgoblin corpse.
You tentacle-slap the worm but do no damage.
You grab the worm. You constrict the worm.
You tentacle-slap the worm but do no damage.
You pierce the worm.
The worm is lightly wounded.
Your transformation is almost over.
You constrict the worm. The worm bites you.
You tentacle-slap the worm.
The worm is lightly wounded.
You constrict the worm. You tentacle-slap the worm.
You pierce the worm, but do no damage.
The worm is heavily wounded.
You constrict the worm. The worm bites you!
You die...

### ##.# # #..# .#
#..#####.####.
#.<.w@........
._.$.....###.......
_8_......# ....%..
.....##... .......
..... ..... .$.....
.... ..............
... ..###..........
##.##. .##.......


You could see a worm.

Vanquished Creatures
  An ooze (D:1)
  A dart slug (D:1)
  A leopard gecko (D:1)
  2 ball pythons (D:1)
  6 goblins (D:1)
  A hobgoblin (D:2)
  2 bats (D:1)
  2 frilled lizards (D:1)
  4 kobolds
  4 rats (D:1)
24 creatures vanquished.

Notes
Turn   | Place    | Note
-------+----------+-------------------------------------------
     0 | D:1      | mortelune the Octopode Transmuter began the quest for the
                  | Orb.
     0 | D:1      | Reached XP level 1. HP: 13/13 MP: 3/3
   146 | D:1      | Reached XP level 2. HP: 10/18 MP: 5/5
   150 | D:1      | Learned a level 2 spell: Sticks to Snakes
  1309 | D:1      | Reached XP level 3. HP: 23/23 MP: 6/6
  1385 | D:1      | Noticed an ogre
  1385 | D:1      | Noticed an ogre
  1385 | D:1      | Noticed an ogre
  1386 | D:1      | Noticed an ogre
  1511 | D:2      | Noticed a sky beast
  1735 | D:2      | Found an ornate altar of the Wu Jian Council.
  1735 | D:2      | Found an iron altar of Okawaru.
  1735 | D:2      | Found a snail-covered altar of Cheibriados.
  1748 | D:2      | Slain by a worm

Levels and vault maps discovered:
D:1:      erik_arrival_cave_to_civilisation [erik_arrival_cave_to_temple],
          layout_loops_corners, chequers_serial_rivers_micro_b
D:2:      layout_rooms, chequers_temple_overflow_statue_of_worship,
          chequers_ecumenical_altar_twisty, first_ration, minmay_pentomino_u4

Action                   || total
-------------------------++-------
Melee: Unarmed           ||    65
       Constrict         ||    15
       Tentacles         ||    11
       Kick              ||     4
 Cast: Beastly Appendage ||     3
 Stab: Sleeping          ||     4
  Eat: Chunk             ||     2
Armor: Skin              ||     5
Dodge: Dodged            ||    52
